[Event "Teplice Open 2019"]
[Site "Teplice"]
[Date "2019.06.20"]
[Round "6.35"]
[White "Lorscheid, Gerhard"]
[Black "Krishna, Teja N."]
[Result "0-1"]
[ECO "D00"]
[WhiteElo "2214"]
[BlackElo "2357"]
[Annotator "NA"]
[PlyCount "56"]
[EventDate "2019.06.15"]
[EventType "swiss"]
[EventCountry "CZE"]
[SourceTitle "playchess.com"]
[Source "ChessBase"]
[SourceQuality "1"]
[TimeControl "40/5400+30:1800+30"]

1. d4 Nf6 2. Bf4 d5 3. e3 c5 4. dxc5 Nc6 5. Nf3 Bg4 6. Be2 e6 7. O-O Bxc5 8. a3 O-O 9. Nbd2 Rc8 10. h3 Bh5 11. c4 Qe7 12. Ne5 Bg6 13. Rc1 Rfd8 14. b4 Bd6 15. Nxg6 hxg6 16. Bxd6 Qxd6 17. c5 Qe7 18. b5 Nb8 19. Qa4 a6 20. bxa6 Nxa6 21. Bxa6 Ra8 22. Qb4 Rxa6 23. Rb1 Rda8 24. Rfc1 R8a7 25. Rc3 Nd7 26. c6 Qxb4 27. cxd7 Qf8 28. Rc8 Rd6 0-1

[Event "Teplice Open 2019"]
[Site "Teplice"]
[Date "2019.06.20"]
[Round "6.36"]
[White "Risting, Eivind Olav"]
[Black "Mitscherling, Andreas"]
[Result "1-0"]
[ECO "D20"]
[WhiteElo "2357"]
[BlackElo "2175"]
[Annotator "NA"]
[PlyCount "95"]
[EventDate "2019.06.15"]
[EventType "swiss"]
[EventCountry "CZE"]
[SourceTitle "playchess.com"]
[Source "ChessBase"]
[SourceQuality "1"]
[TimeControl "40/5400+30:1800+30"]

1. d4 d5 2. c4 dxc4 3. e4 e5 4. Nf3 exd4 5. Bxc4 Nc6 6. O-O Qf6 7. e5 Qg6 8. Ng5 Be6 9. Bxe6 fxe6 10. Qb3 O-O-O 11. Nxe6 Re8 12. Nxf8 Rxf8 13. f4 Nge7 14. Nd2 Rd8 15. Nf3 h6 16. Bd2 Nf5 17. Qd3 Rhf8 18. Rae1 Nh4 19. Qxg6 Nxg6 20. Re4 Rd5 21. g4 h5 22. h3 Rh8 23. Kg2 d3 24. Kg3 Re8 25. Rc1 Red8 26. Bc3 Rc5 27. Rd1 b5 28. e6 hxg4 29. hxg4 Rc4 30. Rxc4 bxc4 31. Bxg7 Rg8 32. Bc3 Nge7 33. g5 Nf5+ 34. Kf2 Nce7 35. Re1 Ng6 36. Re4 Nd6 37. Rd4 Re8 38. Rxd6 cxd6 39. f5 Nf4 40. g6 Nxg6 41. fxg6 Rxe6 42. g7 Rg6 43. Nh4 Rg5 44. Bf6 Rg4 45. Nf5 Kd7 46. Nh6 d2 47. Ke2 Rg2+ 48. Kd1 1-0

[Event "Teplice Open 2019"]
[Site "Teplice"]
[Date "2019.06.20"]
[Round "6.37"]
[White "Schmidt, Tommy B."]
[Black "Eden, James"]
[Result "0-1"]
[ECO "A11"]
[WhiteElo "2205"]
[BlackElo "2346"]
[Annotator "NA"]
[PlyCount "80"]
[EventDate "2019.06.15"]
[EventType "swiss"]
[EventCountry "CZE"]
[SourceTitle "playchess.com"]
[Source "ChessBase"]
[SourceQuality "1"]
[TimeControl "40/5400+30:1800+30"]

1. Nf3 Nf6 2. c4 c6 3. g3 d5 4. Bg2 dxc4 5. O-O e6 6. Qc2 b5 7. a4 Bb7 8. b3 cxb3 9. Qxb3 b4 10. d4 a5 11. Ne5 Nbd7 12. Nxc6 Qb6 13. Be3 Nd5 14. Bxd5 exd5 15. Ne5 Nxe5 16. dxe5 d4 17. Bf4 Rc8 18. Nd2 Rc3 19. Qb1 Bc5 20. Ne4 Qc6 21. f3 O-O 22. Kg2 h6 23. h4 Be7 24. g4 Qg6 25. h5 Bxe4 26. hxg6 Bxb1 27. Raxb1 fxg6 28. Bg3 Rc2 29. f4 Rxe2+ 30. Rf2 Rxf2+ 31. Kxf2 Bg5 32. Kf3 Bxf4 33. Bxf4 g5 34. Ke4 Rxf4+ 35. Kd5 d3 36. e6 Kf8 37. Rd1 b3 38. Rxd3 b2 39. Rb3 Rb4 40. Rf3+ Ke8 0-1

[Event "Teplice Open 2019"]
[Site "Teplice"]
[Date "2019.06.21"]
[Round "7.1"]
[White "Romanov, Evgeny"]
[Black "Movsesian, Sergei"]
[Result "1/2-1/2"]
[ECO "D38"]
[WhiteElo "2577"]
[BlackElo "2639"]
[Annotator "ChessBase"]
[PlyCount "61"]
[EventDate "2019.06.15"]
[EventType "swiss"]
[EventCountry "CZE"]
[SourceTitle "playchess.com"]
[Source "ChessBase"]
[SourceQuality "1"]
[TimeControl "40/5400+30:1800+30"]

1. d4 Nf6 2. c4 e6 3. Nf3 d5 4. Nc3 Bb4 5. cxd5 exd5 6. Qa4+ Nc6 7. Bg5 h6 8. Bxf6 Qxf6 9. Rc1 O-O 10. e3 Bxc3+ 11. Rxc3 Ne7 12. Be2 c6 13. b4 a6 14. O-O Bg4 15. h3 Bxf3 16. Bxf3 Nf5 17. Qc2 Nd6 18. a4 Rfe8 19. Rc5 Nc4 20. b5 axb5 21. axb5 Na3 22. Qb2 Nxb5 23. Bxd5 Nxd4 24. exd4 cxd5 25. Rxd5 Rad8 26. Qxb7 Rxd5 27. Qxd5 Rd8 28. Qe5 Rxd4 29. Qxf6 gxf6 30. g3 Kg7 31. Kg2 1/2-1/2

[Event "Teplice Open 2019"]
[Site "Teplice"]
[Date "2019.06.21"]
[Round "7.3"]
[White "Santos Latasa, Jaime"]
[Black "Epishin, Vladimir"]
[Result "1-0"]
[ECO "B01"]
[WhiteElo "2588"]
[BlackElo "2564"]
[Annotator "ChessBase"]
[PlyCount "109"]
[EventDate "2019.06.15"]
[EventType "swiss"]
[EventCountry "CZE"]
[SourceTitle "playchess.com"]
[Source "ChessBase"]
[SourceQuality "1"]
[TimeControl "40/5400+30:1800+30"]

1. e4 d5 2. exd5 Qxd5 3. Nc3 Qd6 4. d4 Nf6 5. Nf3 g6 6. Nb5 Qd8 7. Bf4 Nd5 8. Be5 f6 9. Bg3 c6 10. Na3 Bh6 11. c3 O-O 12. Bd3 Be6 13. O-O Bf7 14. Re1 Nd7 15. Nc2 Re8 16. Qe2 a5 17. a4 e5 18. dxe5 fxe5 19. Rad1 Nf4 20. Bxf4 exf4 21. Qf1 Rxe1 22. Rxe1 Nb6 23. Ne5 Qc7 24. Nxf7 Qxf7 25. Nd4 Bg7 26. Ne6 f3 27. g3 Bh6 28. Bc2 Re8 29. Nd4 Rxe1 30. Qxe1 Bg7 31. Bb3 Nd5 32. Nc2 h5 33. Ne3 Kh7 34. Nxd5 cxd5 35. Qd1 Qe7 36. Bxd5 Qe2 37. Bxf3 Qxb2 38. Be4 Kh6 39. Qd6 Qc1+ 40. Kg2 Qg5 41. c4 Qf6 42. Qxf6 Bxf6 43. Bxb7 Bd4 44. h4 Kg7 45. Be4 Kf6 46. f4 Bc5 47. Kf3 Bb4 48. g4 hxg4+ 49. Kxg4 Bd6 50. f5 gxf5+ 51. Bxf5 Ke5 52. Bd7 Bf8 53. h5 Kd6 54. Bb5 Ke5 55. Kg5 {[%emt 0:00:08] Kd5} 1-0

[Event "Teplice Open 2019"]
[Site "Teplice"]
[Date "2019.06.21"]
[Round "7.5"]
[White "Van Foreest, Jorden"]
[Black "Gumularz, Szymon"]
[Result "1-0"]
[ECO "A28"]
[WhiteElo "2610"]
[BlackElo "2495"]
[Annotator "ChessBase"]
[PlyCount "81"]
[EventDate "2019.06.15"]
[EventType "swiss"]
[EventCountry "CZE"]
[SourceTitle "playchess.com"]
[Source "ChessBase"]
[SourceQuality "1"]
[TimeControl "40/5400+30:1800+30"]

1. c4 Nf6 2. Nc3 e5 3. Nf3 Nc6 4. e4 d6 5. d4 Bg4 6. d5 Nd4 7. Be2 Nxe2 8. Qxe2 Be7 9. h3 Bd7 10. a4 a5 11. Be3 O-O 12. O-O-O c6 13. Nxe5 dxe5 14. d6 Re8 15. dxe7 Qxe7 16. c5 Be6 17. Qc2 Red8 18. Ne2 h6 19. f3 Rxd1+ 20. Rxd1 Ne8 21. Qc3 f6 22. Kb1 Bf7 23. Qd3 Be6 24. Qc3 Bf7 25. Rd3 Nc7 26. Qd2 Qe6 27. Nc1 f5 28. Rd6 Qc4 29. b3 Qf1 30. Rd7 Ne8 31. Rxb7 fxe4 32. Qd7 Bg6 33. Qxc6 Kh7 34. Rb6 Nf6 35. Qxa8 exf3+ 36. Kb2 fxg2 37. Rxf6 gxf6 38. Qa7+ Kg8 39. c6 Qf5 40. Ka3 Qb1 41. c7 1-0

[Event "Teplice Open 2019"]
[Site "Teplice"]
[Date "2019.06.21"]
[Round "7.6"]
[White "Janik, Igor"]
[Black "Lagarde, Maxime"]
[Result "1/2-1/2"]
[ECO "D77"]
[WhiteElo "2483"]
[BlackElo "2599"]
[Annotator "ChessBase"]
[PlyCount "66"]
[EventDate "2019.06.15"]
[EventType "swiss"]
[EventCountry "CZE"]
[SourceTitle "playchess.com"]
[Source "ChessBase"]
[SourceQuality "1"]
[TimeControl "40/5400+30:1800+30"]

1. d4 Nf6 2. c4 g6 3. Nf3 Bg7 4. g3 d5 5. Bg2 O-O 6. O-O dxc4 7. Na3 c3 8. bxc3 c5 9. Bb2 Nc6 10. Re1 Bg4 11. Nc4 Qc8 12. Ne3 Bh3 13. d5 Rd8 14. Qb3 Na5 15. Qa4 b6 16. c4 Bh6 17. Nd1 Bxg2 18. Kxg2 Ne4 19. e3 Nd6 20. Nd2 Qd7 21. Qxd7 Rxd7 22. Rc1 Re8 23. Be5 f5 24. Bxd6 exd6 25. f4 Bg7 26. a4 a6 27. Kf3 b5 28. axb5 axb5 29. cxb5 Rb7 30. g4 fxg4+ 31. Kxg4 Rxb5 32. Nf2 Rb4 33. Kf3 g5 1/2-1/2

[Event "Teplice Open 2019"]
[Site "Teplice"]
[Date "2019.06.21"]
[Round "7.7"]
[White "Blohberger, Felix"]
[Black "Hracek, Zbynek"]
[Result "1/2-1/2"]
[ECO "B33"]
[WhiteElo "2475"]
[BlackElo "2582"]
[Annotator "ChessBase"]
[PlyCount "60"]
[EventDate "2019.06.15"]
[EventType "swiss"]
[EventCountry "CZE"]
[SourceTitle "playchess.com"]
[Source "ChessBase"]
[SourceQuality "1"]
[TimeControl "40/5400+30:1800+30"]

1. e4 c5 2. Nf3 Nc6 3. d4 cxd4 4. Nxd4 Nf6 5. Nc3 e5 6. Ndb5 d6 7. Bg5 a6 8. Na3 b5 9. Nd5 Be7 10. Bxf6 Bxf6 11. g3 Bg5 12. h4 Bh6 13. Bh3 Bb7 14. O-O O-O 15. c3 Ne7 16. Nxe7+ Qxe7 17. Bg2 Bc6 18. Qd3 Rfd8 19. Nc2 a5 20. Ne3 Bxe3 21. Qxe3 Qa7 22. Qxa7 Rxa7 23. Rad1 Kf8 24. f4 Raa8 25. Kf2 Ke7 26. Rd2 h5 27. Rfd1 g6 28. fxe5 dxe5 29. Rxd8 Rxd8 30. Rxd8 Kxd8 1/2-1/2

[Event "Teplice Open 2019"]
[Site "Teplice"]
[Date "2019.06.21"]
[Round "7.8"]
[White "Dastan, Muhammed Batuhan"]
[Black "Kraus, Tomas"]
[Result "1/2-1/2"]
[ECO "B33"]
[WhiteElo "2561"]
[BlackElo "2479"]
[Annotator "ChessBase"]
[PlyCount "67"]
[EventDate "2019.06.15"]
[EventType "swiss"]
[EventCountry "CZE"]
[SourceTitle "playchess.com"]
[Source "ChessBase"]
[SourceQuality "1"]
[TimeControl "40/5400+30:1800+30"]

1. e4 c5 2. Nf3 Nc6 3. d4 cxd4 4. Nxd4 Nf6 5. Nc3 e5 6. Ndb5 d6 7. Nd5 Nxd5 8. exd5 Ne7 9. c4 Ng6 10. Qa4 Bd7 11. Qb4 Bf5 12. h4 h5 13. Qa4 Bd7 14. Qb3 a6 15. Bg5 f6 16. Bd3 Kf7 17. Qc2 e4 18. Bxe4 Ne5 19. f4 Nxc4 20. Bg6+ Kg8 21. Qxc4 axb5 22. Qd3 Be8 23. O-O Bxg6 24. Qxg6 Qe8 25. Qd3 Qd7 26. Rf3 Be7 27. Re1 Rf8 28. Re6 Bd8 29. Kh1 Rh7 30. Qg6 Qf7 31. Qe4 Qd7 32. Qg6 Qf7 33. Qe4 Qd7 34. Qg6 1/2-1/2

[Event "Teplice Open 2019"]
[Site "Teplice"]
[Date "2019.06.21"]
[Round "7.9"]
[White "Stocek, Jiri"]
[Black "Warmerdam, Max"]
[Result "1-0"]
[ECO "D85"]
[WhiteElo "2551"]
[BlackElo "2475"]
[Annotator "ChessBase"]
[PlyCount "53"]
[EventDate "2019.06.15"]
[EventType "swiss"]
[EventCountry "CZE"]
[SourceTitle "playchess.com"]
[Source "ChessBase"]
[SourceQuality "1"]
[TimeControl "40/5400+30:1800+30"]

1. d4 Nf6 2. c4 g6 3. Nc3 d5 4. Nf3 Bg7 5. cxd5 Nxd5 6. e4 Nxc3 7. bxc3 c5 8. Be3 Qa5 9. Nd2 cxd4 10. Nc4 Qd8 11. cxd4 O-O 12. Rc1 f5 13. Ne5 f4 14. Qb3+ e6 15. Bd2 Nc6 16. Nxc6 bxc6 17. Be2 Qxd4 18. Bc3 Qxe4 19. Bxg7 Kxg7 20. Qb2+ e5 21. O-O Qd4 22. Qa3 e4 23. Rxc6 Bf5 24. Rc7+ Kh8 25. Rd1 Qe5 26. Rxa7 Rxa7 27. Qxf8# 1-0

[Event "Teplice Open 2019"]
[Site "Teplice"]
[Date "2019.06.21"]
[Round "7.10"]
[White "Erenberg, Ariel"]
[Black "Babula, Vlastimil"]
[Result "1/2-1/2"]
[ECO "B41"]
[WhiteElo "2434"]
[BlackElo "2550"]
[Annotator "ChessBase"]
[PlyCount "143"]
[EventDate "2019.06.15"]
[EventType "swiss"]
[EventCountry "CZE"]
[SourceTitle "playchess.com"]
[Source "ChessBase"]
[SourceQuality "1"]
[TimeControl "40/5400+30:1800+30"]

1. e4 c5 2. Nf3 e6 3. d4 cxd4 4. Nxd4 a6 5. c4 Nf6 6. Nc3 Bb4 7. Qd3 Qc7 8. a3 Be7 9. Qg3 d6 10. Be3 Nbd7 11. Be2 b6 12. O-O O-O 13. Nd5 Nxd5 14. exd5 Nf6 15. b4 Re8 16. Bf3 e5 17. Nc6 Bf5 18. Rac1 Bf8 19. Rfd1 a5 20. bxa5 bxa5 21. Rd2 Bd7 22. Bg5 e4 23. Bxf6 exf3 24. Bb2 Bxc6 25. dxc6 Qxc6 26. Qxf3 Qxc4 27. g3 Qe4 28. Qxe4 Rxe4 29. Rd5 Re2 30. Bc3 Ra2 31. Bxa5 Rxa3 32. Bb4 Ra1 33. Rxa1 Rxa1+ 34. Kg2 Ra7 35. Rd2 Rd7 36. Kf3 f5 37. Ke3 Kf7 38. Kd4 Rb7 39. Ba3 Rb3 40. Rd3 Rxd3+ 41. Kxd3 g5 42. h3 g4 43. hxg4 fxg4 44. f3 d5 45. Bb2 h5 46. fxg4 hxg4 47. Bd4 Ke6 48. Bf2 Bd6 49. Be1 Be5 50. Bf2 Kd6 51. Be1 Kc5 52. Bf2+ Kb4 53. Be1+ Ka4 54. Bf2 Kb3 55. Be1 Kb2 56. Bd2 Bxg3 57. Kd4 Kc2 58. Bg5 Bc7 59. Kxd5 Kd3 60. Bh4 Ke3 61. Ke6 Ke4 62. Be1 Be5 63. Bh4 Kf4 64. Be1 Bd4 65. Bh4 Ke4 66. Be1 Kf4 67. Bh4 Bg1 68. Be1 Bh2 69. Kf6 Bg3 70. Bd2+ Kf3 71. Kf5 Bh2 72. Be1 1/2-1/2

[Event "Teplice Open 2019"]
[Site "Teplice"]
[Date "2019.06.21"]
[Round "7.12"]
[White "Sylvan, Jacob"]
[Black "Shevchenko, Kirill"]
[Result "0-1"]
[ECO "B90"]
[WhiteElo "2312"]
[BlackElo "2539"]
[Annotator "ChessBase"]
[PlyCount "84"]
[EventDate "2019.06.15"]
[EventType "swiss"]
[EventCountry "CZE"]
[SourceTitle "playchess.com"]
[Source "ChessBase"]
[SourceQuality "1"]
[TimeControl "40/5400+30:1800+30"]

1. e4 c5 2. Nf3 d6 3. d4 cxd4 4. Nxd4 Nf6 5. Nc3 a6 6. h3 e5 7. Nde2 h5 8. g3 Nbd7 9. Bg2 b5 10. Nd5 Nxd5 11. Qxd5 Qc7 12. Be3 Bb7 13. Qd2 Rc8 14. Nc3 h4 15. O-O Nb6 16. Bxb6 Qxb6 17. Kh2 Be7 18. a4 b4 19. Nd5 Bxd5 20. exd5 a5 21. Rac1 O-O 22. c4 bxc3 23. Rxc3 Rxc3 24. Qxc3 Rb8 25. Qc6 Bg5 26. b3 Qd8 27. Qc2 g6 28. Kh1 Rb4 29. Re1 Qb6 30. gxh4 Bxh4 31. Re3 Kg7 32. Qc6 Bxf2 33. Rf3 Bc5 34. Qd7 Rf4 35. Rxf4 exf4 36. Qb5 Qxb5 37. axb5 Kf6 38. Bf3 Ke5 39. Kg2 Kd4 40. Be2 Ke3 41. Kf1 f3 42. Bc4 Bb6 0-1

[Event "Teplice Open 2019"]
[Site "Teplice"]
[Date "2019.06.21"]
[Round "7.13"]
[White "Dragnev, Valentin"]
[Black "Rubes, Jan"]
[Result "1-0"]
[ECO "A28"]
[WhiteElo "2521"]
[BlackElo "2352"]
[Annotator "ChessBase"]
[PlyCount "129"]
[EventDate "2019.06.15"]
[EventType "swiss"]
[EventCountry "CZE"]
[SourceTitle "playchess.com"]
[Source "ChessBase"]
[SourceQuality "1"]
[TimeControl "40/5400+30:1800+30"]

1. c4 e5 2. Nc3 Nf6 3. Nf3 Nc6 4. e3 Bb4 5. Qc2 Bxc3 6. bxc3 O-O 7. e4 d6 8. Be2 Ne7 9. O-O Ng6 10. d3 h6 11. Re1 Nh7 12. Be3 f5 13. exf5 Bxf5 14. Nd2 Kh8 15. Rad1 Nf4 16. Bf1 Qf6 17. f3 Qg6 18. Ne4 Bxe4 19. fxe4 b6 20. Kh1 Rf7 21. g3 Ne6 22. Bh3 Rf6 23. Bf5 Qh5 24. Qe2 Qxe2 25. Rxe2 Re8 26. h4 Nhf8 27. Kg2 h5 28. Ree1 g6 29. Bh3 Kg7 30. d4 Nd7 31. Rb1 Rf7 32. a4 Nf6 33. Bg1 Nd8 34. dxe5 Rxe5 35. Bd4 Ra5 36. e5 dxe5 37. Bxe5 Nc6 38. Bf4 Ng4 39. Ra1 Rc5 40. Re4 Nce5 41. Rd1 g5 42. hxg5 Nxc4 43. Rde1 Nd6 44. Re6 Nc4 45. Bxg4 hxg4 46. Rh6 Ra5 47. Re4 Rxa4 48. Be5+ Kf8 49. Bf6 Ra2+ 50. Kg1 Ra1+ 51. Kf2 Ra2+ 52. Ke1 Ra1+ 53. Ke2 Ra2+ 54. Ke1 Ra1+ 55. Ke2 Ra2+ 56. Kd1 Rd7+ 57. Bd4 Rxd4+ 58. Rxd4 Ne3+ 59. Kc1 Rc2+ 60. Kb1 Rf2 61. Rh7 Rf7 62. Rd8+ Ke7 63. g6 Kxd8 64. Rxf7 Ke8 65. Rf4 1-0

[Event "Teplice Open 2019"]
[Site "Teplice"]
[Date "2019.06.21"]
[Round "7.14"]
[White "Greenfeld, Alon"]
[Black "Mazur, Stefan"]
[Result "1-0"]
[ECO "E62"]
[WhiteElo "2513"]
[BlackElo "2426"]
[Annotator "ChessBase"]
[PlyCount "75"]
[EventDate "2019.06.15"]
[EventType "swiss"]
[EventCountry "CZE"]
[SourceTitle "playchess.com"]
[Source "ChessBase"]
[SourceQuality "1"]
[TimeControl "40/5400+30:1800+30"]

1. d4 Nf6 2. c4 g6 3. g3 Bg7 4. Bg2 O-O 5. Nc3 d6 6. Nf3 Nc6 7. O-O e5 8. dxe5 dxe5 9. Bg5 Be6 10. Qc1 Qe8 11. Nd2 h6 12. Bxf6 Bxf6 13. Nd5 Bd8 14. Nb3 Kg7 15. Qc3 f6 16. e3 Bc8 17. Nc5 Ne7 18. f4 Nf5 19. Ne4 c6 20. Nb4 Bc7 21. Rae1 Nd6 22. Nxf6 Rxf6 23. fxe5 Rxf1+ 24. Rxf1 Nf5 25. e6+ Kg8 26. e4 Ng7 27. Nd5 cxd5 28. exd5 Bxe6 29. dxe6 Qe7 30. Rf7 Qc5+ 31. Kh1 Qe5 32. Qxe5 Bxe5 33. Rxb7 Re8 34. Bc6 Rb8 35. Rxa7 Nf5 36. Bd5 Bf6 37. Rf7 Bg5 38. e7 1-0

[Event "Teplice Open 2019"]
[Site "Teplice"]
[Date "2019.06.21"]
[Round "7.15"]
[White "Salomon, Johan"]
[Black "Hollan, Petr"]
[Result "1-0"]
[ECO "E71"]
[WhiteElo "2509"]
[BlackElo "2261"]
[Annotator "ChessBase"]
[PlyCount "95"]
[EventDate "2019.06.15"]
[EventType "swiss"]
[EventCountry "CZE"]
[SourceTitle "playchess.com"]
[Source "ChessBase"]
[SourceQuality "1"]
[TimeControl "40/5400+30:1800+30"]

1. c4 Nf6 2. Nc3 g6 3. e4 d6 4. d4 Bg7 5. h3 O-O 6. Be3 e5 7. d5 Nfd7 8. g4 Nb6 9. Nf3 c6 10. Rg1 Na6 11. Be2 cxd5 12. cxd5 Bd7 13. a4 Rc8 14. Nd2 Nc5 15. a5 Na8 16. Nc4 Qc7 17. b4 Na6 18. Qb3 Qb8 19. h4 Rfe8 20. g5 Bf8 21. h5 N8c7 22. b5 Nc5 23. Bxc5 dxc5 24. hxg6 fxg6 25. b6 Na6 26. bxa7 Qxa7 27. Nb6 c4 28. Bxc4 Nc5 29. d6+ Kh8 30. Qd1 Rc6 31. Nb5 Qb8 32. Qf3 Bg7 33. Rh1 Be6 34. Bd5 Rf8 35. Qe3 Rf4 36. Bxc6 bxc6 37. Qxc5 Rxe4+ 38. Kf1 Qf8 39. Ra3 cxb5 40. a6 Bc4+ 41. Nxc4 Rxc4 42. Qd5 Rc1+ 43. Kg2 Rxh1 44. Rf3 Qc8 45. d7 Rg1+ 46. Kxg1 Qc1+ 47. Kh2 Qg1+ 48. Kxg1 1-0

[Event "Teplice Open 2019"]
[Site "Teplice"]
[Date "2019.06.21"]
[Round "7.16"]
[White "Georgescu, Lena"]
[Black "Ali Marandi, Cemil Can"]
[Result "0-1"]
[ECO "C10"]
[WhiteElo "2200"]
[BlackElo "2520"]
[Annotator "ChessBase"]
[PlyCount "54"]
[EventDate "2019.06.15"]
[EventType "swiss"]
[EventCountry "CZE"]
[SourceTitle "playchess.com"]
[Source "ChessBase"]
[SourceQuality "1"]
[TimeControl "40/5400+30:1800+30"]

1. e4 e6 2. d4 d5 3. Nc3 Nc6 4. Nf3 Nf6 5. Bd3 Nb4 6. Bg5 dxe4 7. Nxe4 Be7 8. Nxf6+ gxf6 9. Bh4 Nxd3+ 10. Qxd3 Qd5 11. O-O Bd7 12. c4 Qh5 13. Bg3 O-O-O 14. Rfd1 Rhe8 15. Qe3 Kb8 16. d5 e5 17. Nd2 Qg6 18. c5 Bg4 19. f3 Rxd5 20. Ne4 Be6 21. Rxd5 Bxd5 22. Nc3 Rd8 23. Rd1 Qc2 24. b4 Be6 25. Rxd8+ Bxd8 26. h3 Be7 27. Kh2 Qb2 0-1

[Event "Teplice Open 2019"]
[Site "Teplice"]
[Date "2019.06.21"]
[Round "7.17"]
[White "Eden, James"]
[Black "Tari, Aryan"]
[Result "0-1"]
[ECO "B22"]
[WhiteElo "2346"]
[BlackElo "2623"]
[Annotator "ChessBase"]
[PlyCount "77"]
[EventDate "2019.06.15"]
[EventType "swiss"]
[EventCountry "CZE"]
[SourceTitle "playchess.com"]
[Source "ChessBase"]
[SourceQuality "1"]
[TimeControl "40/5400+30:1800+30"]

1. e4 c5 2. c3 Nf6 3. e5 Nd5 4. d4 cxd4 5. Nf3 Nc6 6. cxd4 d6 7. Bc4 Nb6 8. Bb3 dxe5 9. d5 Na5 10. Nc3 Nxb3 11. Qxb3 f6 12. Be3 Bd7 13. O-O g6 14. Rfd1 Bg7 15. d6 e6 16. Nb5 Kf7 17. Nc7 Rc8 18. a4 Na8 19. Bxa7 Nxc7 20. Bb6 Bc6 21. dxc7 Qe7 22. a5 e4 23. Nd4 Bd5 24. Qc2 Qd7 25. Ne2 Qc6 26. Qd2 Bf8 27. Nc3 Bb3 28. Qd7+ Be7 29. Nb5 Bxd1 30. Rxd1 Qxd7 31. Rxd7 e5 32. Bc5 Rhe8 33. Bb6 Ke6 34. Rd1 f5 35. Kf1 Ra8 36. Ke2 h5 37. Rd2 Bb4 38. Rc2 Bxa5 39. c8=Q+ {[%emt 0:00:00] Rd8 Qxa8 Rxa8 Rc8 Rxc8 Bxa5 Rc5 Nc7+ Kd7} 0-1

[Event "Teplice Open 2019"]
[Site "Teplice"]
[Date "2019.06.21"]
[Round "7.18"]
[White "Czerw, Dawid"]
[Black "Krzyzanowski, Marcin"]
[Result "1/2-1/2"]
[ECO "E90"]
[WhiteElo "2317"]
[BlackElo "2510"]
[Annotator "ChessBase"]
[PlyCount "61"]
[EventDate "2019.06.15"]
[EventType "swiss"]
[EventCountry "CZE"]
[SourceTitle "playchess.com"]
[Source "ChessBase"]
[SourceQuality "1"]
[TimeControl "40/5400+30:1800+30"]

1. d4 Nf6 2. c4 c5 3. d5 g6 4. Nc3 Bg7 5. e4 d6 6. Bd3 e6 7. h3 O-O 8. Nf3 Na6 9. O-O Nc7 10. dxe6 Bxe6 11. Be3 Re8 12. Qd2 Rb8 13. Rad1 Bd7 14. Bc2 Be6 15. Bd3 a6 16. a4 b5 17. axb5 axb5 18. cxb5 Bb3 19. Bc2 Bxc2 20. Qxc2 Qe7 21. Qd3 Nxe4 22. Nxe4 Qxe4 23. Qxe4 Rxe4 24. Rxd6 Nxb5 25. Rc6 Nd4 26. Rxc5 Nxf3+ 27. gxf3 Ree8 28. Rc2 Rxb2 29. Rxb2 Bxb2 30. Rb1 Bg7 31. Rb7 1/2-1/2

[Event "Teplice Open 2019"]
[Site "Teplice"]
[Date "2019.06.21"]
[Round "7.19"]
[White "Leisch, Lukas"]
[Black "Loiseau, Quentin"]
[Result "1/2-1/2"]
[ECO "C54"]
[WhiteElo "2341"]
[BlackElo "2471"]
[Annotator "ChessBase"]
[PlyCount "108"]
[EventDate "2019.06.15"]
[EventType "swiss"]
[EventCountry "CZE"]
[SourceTitle "playchess.com"]
[Source "ChessBase"]
[SourceQuality "1"]
[TimeControl "40/5400+30:1800+30"]

1. e4 e5 2. Nf3 Nc6 3. Bc4 Nf6 4. d3 Bc5 5. O-O d6 6. c3 a6 7. a4 Ba7 8. Na3 Ne7 9. Nc2 c6 10. Ba2 h6 11. Be3 Bb8 12. d4 Nxe4 13. dxe5 O-O 14. exd6 Bxd6 15. a5 Bg4 16. h3 Bh5 17. Qe2 Bb8 18. Rfd1 Qc7 19. g4 Bg6 20. Bb6 Qf4 21. Be3 Ng3 22. fxg3 Qxg3+ 23. Qg2 Qxg2+ 24. Kxg2 Bxc2 25. Rd7 Nd5 26. Bxd5 cxd5 27. Rxb7 Be4 28. Bd4 Bf4 29. Rf1 Rfb8 30. Rxb8+ Rxb8 31. b4 f6 32. Kg1 Rc8 33. Kf2 Kf7 34. Ra1 Bd3 35. Rd1 Bb5 36. Bc5 Bc4 37. Nd2 Bb5 38. Nf3 Bc4 39. Nd2 Bxd2 40. Rxd2 Re8 41. Be3 Re5 42. Rd1 h5 43. Re1 hxg4 44. hxg4 Re4 45. Kf3 Re8 46. Bf2 Rh8 47. Kg3 g5 48. Bc5 Rh4 49. Re7+ Kg6 50. Bd4 Rh1 51. Kg2 Rf1 52. Re3 Rf4 53. Kg3 Bb5 54. Rf3 Rxf3+ 1/2-1/2

[Event "Teplice Open 2019"]
[Site "Teplice"]
[Date "2019.06.21"]
[Round "7.20"]
[White "Abdumalik, Zhansaya"]
[Black "Risting, Eivind Olav"]
[Result "1/2-1/2"]
[ECO "B19"]
[WhiteElo "2464"]
[BlackElo "2357"]
[Annotator "ChessBase"]
[PlyCount "95"]
[EventDate "2019.06.15"]
[EventType "swiss"]
[EventCountry "CZE"]
[SourceTitle "playchess.com"]
[Source "ChessBase"]
[SourceQuality "1"]
[TimeControl "40/5400+30:1800+30"]

1. e4 c6 2. d4 d5 3. Nd2 dxe4 4. Nxe4 Bf5 5. Ng3 Bg6 6. h4 h6 7. Nf3 Nd7 8. h5 Bh7 9. Bd3 Bxd3 10. Qxd3 e6 11. Bd2 Ngf6 12. O-O-O Be7 13. Ne4 O-O 14. Kb1 c5 15. g4 Nxg4 16. Qe2 Qb6 17. Ne5 Ndxe5 18. dxe5 f5 19. exf6 Nxf6 20. Rhg1 Nxe4 21. Qxe4 Bf6 22. b3 Rad8 23. Bxh6 Rxd1+ 24. Rxd1 Qb4 25. Qxb4 cxb4 26. Be3 b6 27. Kc1 Bc3 28. Rd6 Rf5 29. h6 gxh6 30. Rxe6 h5 31. Kd1 Kf7 32. Rc6 Ra5 33. a4 bxa3 34. Rxc3 a2 35. Rc7+ Ke6 36. Bd4 a1=Q+ 37. Bxa1 Rxa1+ 38. Ke2 Ra5 39. Kf3 Kf5 40. b4 Ra4 41. c3 Ra3 42. Kg2 a5 43. Rc6 a4 44. c4 Rc3 45. b5 a3 46. Rxb6 Rxc4 47. Ra6 Rb4 48. Rxa3 1/2-1/2

[Event "Teplice Open 2019"]
[Site "Teplice"]
[Date "2019.06.21"]
[Round "7.21"]
[White "Song, Raymond"]
[Black "Hutois, Mickael"]
[Result "1-0"]
[ECO "A45"]
[WhiteElo "2450"]
[BlackElo "2296"]
[Annotator "ChessBase"]
[PlyCount "51"]
[EventDate "2019.06.15"]
[EventType "swiss"]
[EventCountry "CZE"]
[SourceTitle "playchess.com"]
[Source "ChessBase"]
[SourceQuality "1"]
[TimeControl "40/5400+30:1800+30"]

1. d4 Nf6 2. Bg5 Ne4 3. Bf4 d5 4. e3 c5 5. Bd3 Qb6 6. Bxe4 dxe4 7. b3 Bf5 8. Ne2 Nc6 9. c3 cxd4 10. exd4 e5 11. dxe5 Bc5 12. O-O e3 13. fxe3 Bxe3+ 14. Kh1 Bxb1 15. Qxb1 O-O 16. Bg3 Rae8 17. Qe4 Re7 18. Rad1 Bh6 19. Nd4 Rfe8 20. Nf5 Re6 21. Nd6 Rf8 22. Nxf7 Rxf7 23. Rxf7 Kxf7 24. Qf5+ Ke7 25. Bh4+ g5 26. Qxh7+ 1-0

[Event "Teplice Open 2019"]
[Site "Teplice"]
[Date "2019.06.21"]
[Round "7.22"]
[White "Cawdery, Daniel"]
[Black "Gungl, Theo"]
[Result "1/2-1/2"]
[ECO "B94"]
[WhiteElo "2428"]
[BlackElo "2313"]
[Annotator "NA"]
[PlyCount "60"]
[EventDate "2019.06.15"]
[EventType "swiss"]
[EventCountry "CZE"]
[SourceTitle "playchess.com"]
[Source "ChessBase"]
[SourceQuality "1"]
[TimeControl "40/5400+30:1800+30"]

1. e4 c5 2. Nf3 d6 3. d4 cxd4 4. Nxd4 Nf6 5. Nc3 a6 6. Bg5 Nbd7 7. Qe2 h6 8. Bh4 g6 9. f4 e5 10. fxe5 dxe5 11. O-O-O Qc7 12. Nb3 b5 13. Nd5 Nxd5 14. exd5 Bd6 15. Qd2 Kf8 16. g4 Kg7 17. Kb1 Nb6 18. Bd3 Re8 19. Bf6+ Kxf6 20. Qxh6 Ke7 21. Rhf1 Kd8 22. Qg7 Ra7 23. Na5 Nxd5 24. Rxf7 Bd7 25. Qxg6 Nf4 26. Qh6 e4 27. Bf1 Ne6 28. Qd2 Be7 29. Bg2 Nc5 30. g5 Kc8 1/2-1/2